 Dungeon Crawl Stone Soup version 0.28-a0-706-gf6f64a616a (webtiles) character file.

Game seed: 13006778037411026339

3262 pokeman the Thaumaturge (level 9, 0/50 HPs)
             Began as a Deep Elf Hedge Wizard on Oct 24, 2021.
             Was a Believer of Vehumet.
             Shot with an arrow by a centaur (2 damage)
             ... on level 9 of the Dungeon.
             The game lasted 00:29:21 (10736 turns).

pokeman the Thaumaturge (Deep Elf Hedge Wizard)    Turns: 10736, Time: 00:29:21

Health: 0/50       AC: 11    Str:  7    XL:     9   Next: 68%
Magic:  33/36      EV: 15    Int: 23    God:    Vehumet [**....]
Gold:   772        SH:  0    Dex: 14    Spells: 12/32 levels left

rFire   . . .      SeeInvis .   n - +2 dagger (venom)
rCold   . . .      Faith    .   (no shield)
rNeg    . . .      Spirit   .   M - +0 acid dragon scales
rPois   .          Reflect  .   g - +0 helmet
rElec   .          Harm     .   o - +0 cloak
rCorr   +          Rampage  .   (no gloves)
Will    .....                   I - +2 pair of boots
Stlth   +.........              (no amulet)
HPRegen 0.16/turn               t - +4 ring of evasion
MPRegen 0.25/turn               E - ring of magical power

@: confused
A: no striking features
a: Renounce Religion


You were on level 9 of the Dungeon.
You worshipped Vehumet.
Vehumet was pleased with you.
You visited 2 branches of the dungeon, and saw 10 of its levels.
You also visited: Ossuary.

You collected 772 gold pieces.

Inventory:

Hand Weapons
 h - a +0 shortbow
 n - a +2 dagger of venom (weapon)
Missiles
 e - 96 arrows
 k - 2 curare-tipped darts
 l - 119 bolts
Armour
 d - a +0 buckler
 g - a +0 helmet (worn)
 o - a +0 cloak (worn)
 I - a +2 pair of boots (worn)
 M - +0 acid dragon scales (worn)
Jewellery
 t - a +4 ring of evasion (left hand)
 E - a ring of magical power (right hand)
Wands
 v - a wand of paralysis (25)
 D - a wand of polymorph (6)
Scrolls
 b - 2 scrolls of fear {unknown}
 f - 9 scrolls of identify {unknown}
 m - 5 scrolls of noise {unknown}
 q - 2 scrolls of teleportation {unknown}
 r - 5 scrolls of vulnerability {unknown}
 w - a scroll of blinking {unknown}
 x - 3 scrolls of amnesia {unknown}
 y - 2 scrolls of fog {unknown}
 C - 2 scrolls of brand weapon {unknown}
 F - a scroll of holy word {unknown}
 H - a scroll of acquirement {unknown}
 K - a scroll of enchant weapon {unknown}
Potions
 a - 7 potions of curing {unknown}
 c - 2 potions of attraction {unknown}
 i - 5 potions of heal wounds {unknown}
 j - 2 potions of haste {unknown}
 s - 4 potions of brilliance {unknown}
 u - a potion of invisibility {unknown}
 z - 3 potions of might {unknown}
 A - a potion of lignification {unknown}
 B - a potion of mutation {unknown}
 G - a potion of degeneration {unknown}
 J - a potion of flight {unknown}
 L - a potion of cancellation {unknown}


   Skills:
 - Level 3.0 Fighting
 + Level 2.4 Armour
 - Level 3.0 Dodging
 - Level 4.0 Stealth
 - Level 2.0 Shields
 * Level 12.0 Spellcasting
 + Level 6.7 Conjurations
 - Level 1.1 Summonings
 - Level 1.1 Translocations
 - Level 1.3 Transmutations
 + Level 5.2 Fire Magic
 - Level 1.0 Air Magic
 - Level 1.0 Poison Magic
 - Level 1.0 Evocations


You had 12 spell levels left.
You knew the following spells:

 Your Spells              Type           Power      Damage    Failure   Level
a - Magic Dart            Conj           100%       1d8       1%          1
b - Mephitic Cloud        Conj/Pois/Air  27%        N/A       8%          3
c - Call Imp              Summ           18%        N/A       8%          2
d - Blink                 Tloc           36%        N/A       8%          2
e - Conjure Flame         Conj/Fire      41%        6-21      1%          3
f - Foxfire               Conj/Fire      100%       2x1d9     1%          1
g - Starburst             Conj/Fire      20%        6d7       71%         6
h - Wereblood             Tmut           19%        N/A       7%          2

Your spell library contained the following spells:

 Spells                   Type           Power      Damage    Failure   Level
 Static Discharge         Conj/Air       31%        N/A       2%          2
 Dazzling Flash           Conj/Hex       58%        N/A       6%          3
 Inner Flame              Hex/Fire       26%        N/A       9%          3
 Slow                     Hex            13%        N/A       12%         2
 Sublimation of Blood     Necr           6%         N/A       12%         2
 Iskenderun's Mystic Bla  Conj/Tloc      32%        2d8       16%         4
 Hailstorm                Conj/Ice       29%        3d8       21%         4
 Ice Form                 Ice/Tmut       16%        N/A       52%         4
 Cause Fear               Hex            6%         N/A       63%         4
 Simulacrum               Ice/Necr       6%         N/A       100%        6
 Summon Hydra             Summ           9%         N/A       100%        7
 Discord                  Hex            6%         N/A       100%        8


Dungeon Overview and Level Annotations

Branches:
Dungeon (9/15)             Temple (1/1) D:5         Ossuary (visited)
   Lair: D:8-11         Orc: D:9-12

Altars:
Cheibriados
Dithmenos
Elyvilon
Fedhas
Gozag
Hepliaklqana
Kikubaaqudgha
Makhleb
Nemelex Xobeh
Okawaru
Qazlal
Ru
Sif Muna
Uskayaw
Vehumet
Wu Jian
Xom
Yredelemnul
Zin
The Shining One

Shops:
D:1 *=   D:3 :

Annotations:
D:5 Books behind glass


Message History

The killer bee is engulfed in noxious fumes.
The killer bee appears confused.
The killer bee is engulfed in noxious fumes.
The killer bee appears confused.
You hit the killer bee.
The killer bee is poisoned.
The killer bee is severely wounded.
You are engulfed in noxious fumes.
You choke on the stench!
You are more confused.
You kill the killer bee!
Vehumet accepts your kill.
The killer bee is engulfed in noxious fumes.
The killer bee appears confused.
A centaur comes into view.
The centaur shoots an arrow.
The arrow hits you.
The killer bee is engulfed in noxious fumes.
The killer bee appears confused.
The centaur shoots an arrow.
The arrow hits you.
The centaur wields a +5 shortbow.
The centaur shoots an arrow.
The arrow closely misses you.
The centaur shoots an arrow.
The arrow hits you!
Unknown command.
Unknown command.
The killer bee is engulfed in noxious fumes.
The killer bee appears confused.
The killer bee is engulfed in noxious fumes.
Unknown command.
The killer bee is engulfed in noxious fumes.
The killer bee appears confused.
The centaur shoots an arrow.
The arrow barely misses you.
The centaur shoots an arrow.
The arrow hits you!
* * * LOW HITPOINT WARNING * * *
The killer bee is engulfed in noxious fumes.
The killer bee appears confused.
The killer bee barely misses you.
The centaur shoots an arrow.
The arrow barely misses you.
The centaur shoots an arrow.
The arrow hits you!
* * * LOW HITPOINT WARNING * * *
Unknown command.
You bump into the rock wall.
The killer bee is engulfed in noxious fumes.
The killer bee appears confused.
The centaur shoots an arrow.
The arrow hits you.
You die...

#(...♣ ♣≈≈# ##'########
#...###...# #...#.#...#
#...'.'...# ..
#...#.#...####...# .
#...###[..#......#
....########'##......#
......y○@............#
.....°○.####...<.....####
........# #.............
........# #.............
........# #...........<.
..c.....# #.........####
.$c.....# #.........#
......... #.........#
##.# #.........#


You could see 2 centaurs and a killer bee (confused).

Vanquished Creatures
  Sigmund (D:4)
  An acid dragon (D:8)
  An orc warrior (D:8)
  A sky beast (D:8)
  A black bear (D:8)
  4 ogres
  A centaur (D:8)
  2 phantoms
  A kobold brigand (D:7)
  A bullfrog (D:7)
  A gnoll sergeant (D:7)
  3 scorpions
  A wyvern skeleton (D:5)
  6 killer bees
  3 wights (D:6)
  3 howler monkeys
  A centaur zombie (D:5)
  6 orc priests
  A centaur skeleton (D:7)
  6 hounds
  4 iguanas
  3 jellies
  8 orc wizards
  3 killer bee zombies (D:6)
  7 mummies (Ossuary)
  7 gnolls
  8 adders
  A shadow imp (D:7)
  A white imp (D:5)
  A worm (D:2)
  3 dart slugs
  16 orcs
  4 ball pythons
  5 endoplasms
  3 giant cockroaches
  A gnoll zombie (Ossuary)
  9 goblins
  5 hobgoblins
  2 jackals (D:3)
  2 quokkas
  6 bats
  5 frilled lizards
  A hobgoblin zombie (Ossuary)
  4 kobolds
  4 kobold zombies (Ossuary)
  2 orc zombies (Ossuary)
  7 rats
167 creatures vanquished.

Vanquished Creatures (collateral kills)
  A mummy (Ossuary)
1 creature vanquished.

Vanquished Creatures (others)
  A hound (D:7)
  121 foxfires
  6 plants (D:5)
128 creatures vanquished.

Grand Total: 296 creatures vanquished

Notes
Turn   | Place    | Note
-------+----------+-------------------------------------------
     0 | D:1      | pokeman the Deep Elf Hedge Wizard began the quest for the
                  | Orb.
     0 | D:1      | Reached XP level 1. HP: 10/10 MP: 7/7
   369 | D:1      | Found Gozow's Assorted Antiques.
   442 | D:1      | Reached XP level 2. HP: 15/15 MP: 4/9
   599 | D:1      | Found Cohukkou's Jewellery Emporium.
   806 | D:1      | Found a faded altar of an unknown god.
  1346 | D:2      | Reached skill level 5 in Spellcasting
  1445 | D:2      | Reached XP level 3. HP: 11/20 MP: 3/11
  1449 | D:2      | Learned a level 3 spell: Mephitic Cloud
  1452 | D:2      | Learned a level 2 spell: Call Imp
  1455 | D:2      | Learned a level 2 spell: Blink
  1461 | D:2      | Learned a level 3 spell: Conjure Flame
  2168 | D:2      | Reached skill level 1 in Fighting
  2320 | D:2      | Reached skill level 1 in Armour
  2887 | D:3      | Found an ancient bone altar of Kikubaaqudgha.
  2975 | D:3      | Found a basalt altar of Yredelemnul.
  2978 | D:3      | Reached XP level 4. HP: 25/25 MP: 10/13
  3203 | D:3      | Found Lusid's Book Boutique.
  3408 | D:3      | Found a glowing golden altar of the Shining One.
  3657 | D:4      | Learned a level 2 spell: Wereblood
  3923 | D:4      | Reached skill level 6 in Spellcasting
  3923 | D:4      | Reached XP level 5. HP: 29/29 MP: 4/15
  4077 | D:4      | Found a hazy altar of Hepliaklqana.
  4103 | D:4      | Found a sacrificial altar of Ru.
  4157 | D:4      | Reached skill level 1 in Shields
  4350 | D:4      | Noticed Sigmund
  4369 | D:4      | Killed Sigmund
  4370 | D:4      | Reached skill level 7 in Spellcasting
  4370 | D:4      | Reached skill level 1 in Transmutations
  4370 | D:4      | Reached XP level 6. HP: 25/34 MP: 10/18
  4764 | D:5      | Entered Level 5 of the Dungeon
  4866 | D:5      | Found a sand-covered staircase.
  4877 | D:5      | Reached skill level 1 in Fire Magic
  4950 | Ossuary  | Entered an ossuary
  4964 | Ossuary  | Reached XP level 7. HP: 38/38 MP: 17/20
  5786 | D:5      | Reached skill level 1 in Air Magic
  5786 | D:5      | Reached skill level 1 in Evocations
  5916 | D:5      | Found a shimmering blue altar of Sif Muna.
  6028 | D:5      | Reached skill level 8 in Spellcasting
  6122 | D:5      | Found a staircase to the Ecumenical Temple.
  6131 | Temple   | Entered the Ecumenical Temple
  6197 | Temple   | Became a worshipper of Vehumet
  6298 | D:5      | Found a snail-covered altar of Cheibriados.
  6389 | D:5      | Found a white marble altar of Elyvilon.
  6400 | D:5      | Reached skill level 1 in Poison Magic
  6617 | D:5      | Found a hide-covered altar of Uskayaw.
  6635 | D:5      | Learned a level 6 spell: Starburst
  7027 | D:6      | Reached XP level 8. HP: 43/43 MP: 22/22
  7457 | D:6      | Reached skill level 9 in Spellcasting
  7923 | D:6      | Reached skill level 5 in Conjurations
  8634 | D:7      | Reached skill level 10 in Spellcasting
  8700 | D:7      | Found an iron altar of Okawaru.
  8701 | D:7      | Identified the +6 scale mail of Dull Music {Rampage rN+
                  | rCorr}
  9085 | D:7      | Reached XP level 9. HP: 45/48 MP: 22/25
  9086 | D:7      | Reached * piety under Vehumet
  9086 | D:7      | Offered knowledge of Foxfire by Vehumet.
  9089 | D:7      | Learned a level 1 spell: Foxfire
  9317 | D:7      | Reached skill level 11 in Spellcasting
  9444 | D:7      | Found an opulent altar of Gozag.
  9923 | D:8      | Reached ** piety under Vehumet
  9923 | D:8      | Offered knowledge of Static Discharge by Vehumet.
  9924 | D:8      | Reached skill level 5 in Fire Magic
 10730 | D:9      | Reached skill level 12 in Spellcasting
 10735 | D:9      | HP: 2/50 [centaur/arrow (7)]
 10736 | D:9      | Shot with an arrow by a centaur

Illustrated notes

Levels and vault maps discovered:
D:1:      scummos_arrival_gate, layout_basic,
          hellmonk_ecumenical_altar_crossroads, serial_shops,
          nicolae_shop_crystal, shop_fountains, minivault_26, st_stairs_12
D:2:      layout_loops_corners, grunt_ministairs_13, minmay_octomino_j4
D:3:      layout_loops_ring, nicolae_kikubaaqudgha_miasma_corner,
          mainiacjoe_overflow_concentric_impassable,
          nicolae_tso_carved_into_rock, serial_shops, nicolae_shop_statue_plus
D:4:      layout_basic, mainiacjoe_overflow_six_doors_small,
          mainiacjoe_overflow_paths, uniq_sigmund
D:5:      layout_loops_ring, nicolae_sif_muna_little_library,
          nicolae_uskayaw_murder_on_the_dancefloor,
          nicolae_elyvilon_temple_path, mainiacjoe_overflow_brackets,
          minmay_temple_entry_junction, nicolae_ossuary_entry_false_entrances
D:6:      layout_basic
D:7:      cheibrodos_barr_body, layout_loops_corners,
          lemuel_coloured_pillars_altar, okawaru_metal_pillars_1_2
D:8:      layout_gridville
D:9:      layout_long_grid, lemuel_tele_altar, amcnicky_mini_pool_small,
          nicolae_zen_rock_garden, minivault_10, st_stairs_3,
          nrook_pool_corridor, serial_bayou_lagoon_b
Temple:   jpeg_temple_island

Skill      XL: |  1  2  3  4  5  6  7  8  9 |
---------------+----------------------------+-----
Spellcasting   | 5 6 7 8 10 12 | 12.0
Fighting       | 1 2 3 |  3.0
Conjurations   | 2 3 4 5 6 |  6.7
Armour         | 1 2 |  2.4
Dodging        | 3 |  3.0
Shields        | 1 2 |  2.0
Stealth        | 3 4 |  4.0
Transmutations | 1 |  1.3
Fire Magic     | 1 2 4 5 |  5.2
Air Magic      | 1 |  1.0
Evocations     | 1 |  1.0
Poison Magic   | 1 |  1.0
Summonings     | |  1.1
Translocations | |  1.1

Action                   |  1- 3 |  4- 6 |  7- 9 || total
-------------------------+-------+-------+-------++-------
Melee: Rapier            |     2 |       |       ||     2
       Dagger            |       |    34 |    63 ||    97
 Cast: Magic Dart        |   106 |    67 |   220 ||   393
       Mephitic Cloud    |       |     7 |    19 ||    26
       Conjure Flame     |       |     2 |    14 ||    16
       Call Imp          |       |       |     1 ||     1
       Foxfire           |       |       |    64 ||    64
       Wereblood         |       |       |     1 ||     1
Evoke: Wand              |       |       |     4 ||     4
 Stab: Confused          |       |     3 |     5 ||     8
       Paralysed         |       |       |     1 ||     1
Armor: Robe              |     9 |     1 |       ||    10
       Leather armour    |       |     4 |    13 ||    17
       Acid dragon scale |       |       |     3 ||     3
Dodge: Dodged            |    11 |    26 |    82 ||   119

Table legend: (Time is in decaauts)
 A = Elapsed time spent in this place.
 B = Non-inter-level travel time spent in this place.
 C = Inter-level travel time spent in this place.
 D = Time resting spent in this place.
 E = Time spent auto-exploring this place.
 F = Levels seen in this place.
 G = Mean time per level.
                   A        B        C        D        E       F      G
               +--------+--------+--------+--------+--------+-----+--------+
         Total |  10735 |  10319 |    416 |    346 |   8520 |  11 |  975.9 |
       Dungeon |   9834 |   9430 |    404 |    228 |   7923 |   9 | 1092.7 |
        Temple |     78 |     66 |     12 |      0 |     52 |   1 |   78.0 |
       Ossuary |    821 |    821 |      0 |    118 |    545 |   1 |  821.0 |
               +--------+--------+--------+--------+--------+-----+--------+

Top non-repeatable levels by time:
     D:2: 1497 daAuts
     D:5: 1276 daAuts
     D:7: 1269 daAuts
     D:6: 1238 daAuts
     D:4: 1222 daAuts
     D:8: 1151 daAuts
     D:1: 1102 daAuts
     D:3: 973 daAuts
 Ossuary: 821 daAuts
     D:9: 101 daAuts
  Temple: 78 daAuts
